 Dungeon Crawl Stone Soup version 0.22-a0-445-g8c8ef71 (webtiles) character file.

798 George the Slasher (level 7, -4/60 HPs)
             Began as a Minotaur Fighter on June 2, 2018.
             Was a Believer of Okawaru.
             Killed by divine providence
             ... invoked by an orc priest
              (15 damage)
             ... on level 6 of the Dungeon.
             The game lasted 00:04:21 (3637 turns).

George the Slasher (Minotaur Fighter)               Turns: 3637, Time: 00:04:22

Health: -4/60      AC: 23    Str: 31    XL:     7   Next: 58%
Magic:  7/7        EV:  6    Int:  5    God:    Okawaru [**....]
Gold:   247        SH: 10    Dex:  9    Spells: 6/6 levels left

rFire    + . .     SeeInvis .   a - +0 long sword
rCold    . . .     Gourm    .   c - +0 shield
rNeg     . . .     Faith    .   u - +10 plate armour "Suoroweu" {Str+3 Stlth+}
rPois    +         Spirit   .   (helmet restricted)
rElec    .         Reflect  .   (no cloak)
rCorr    .         Harm     .   o - +0 pair of gloves
MR       .....                  (no boots)
Stlth    ..........             (no amulet)
HPRegen  0.20/turn              i - ring of poison resistance
MPRegen  0.10/turn              z - ring of protection from fire

@: mighty
A: retaliatory headbutt, horns 2
a: Heroism, Renounce Religion


You were on level 6 of the Dungeon.
You worshipped Okawaru.
Okawaru was pleased with you.
You were not hungry.

You visited 1 branch of the dungeon, and saw 6 of its levels.

You collected 247 gold pieces.

Inventory:

Hand Weapons
 a - a +0 long sword (weapon)
Armour
 c - a +0 shield (worn)
 o - a +0 pair of gloves (worn)
 u - the +10 plate armour "Suoroweu" (worn) {Str+3 Stlth+}
   (You found it on level 4 of the Dungeon)

   It affects your strength (+3).
   It makes you more stealthy.
Jewellery
 i - a ring of poison resistance (left hand)
 z - a ring of protection from fire (right hand)
Wands
 x - a wand of iceblast (5)
Scrolls
 g - 3 scrolls of teleportation {unknown}
 l - 6 scrolls of remove curse {unknown}
 m - a scroll of magic mapping {unknown}
 n - a scroll of blinking {unknown}
 p - a scroll of noise {unknown}
 q - 3 scrolls of enchant armour {unknown}
 w - 3 scrolls of identify {unknown}
 y - a scroll of amnesia {unknown}
Potions
 b - a potion of cancellation {unknown}
 e - a potion of invisibility {unknown}
 h - a potion of ambrosia {unknown}
 j - 3 potions of degeneration {unknown}
 k - a potion of berserk rage {unknown}
 r - 4 potions of curing {unknown}
 s - a potion of mutation {unknown}
 t - a potion of agility {unknown}
 v - a potion of magic {unknown}
Comestibles
 f - 5 rations


   Skills:
 + Level 4.7 Fighting
 * Level 7.8 Long Blades
 + Level 4.7 Armour
 + Level 2.5 Dodging
 + Level 4.6 Shields
 + Level 2.3 Invocations


You had 6 spell levels left.
You didn't know any spells.
Your spell library contained the following spells:

 Spells                   Type           Power        Failure   Level  Hunger
 Confuse                  Hex            #.......     100%        3    ####...
 Tukima's Dance           Hex            #.......     100%        3    ####...
 Ensorcelled Hibernation  Hex/Ice        #.....       100%        2    ###....
 Corona                   Hex            #......      100%        1    ##.....
 Dazzling Spray           Conj/Hex       #.....       100%        3    ####...


Dungeon Overview and Level Annotations

Branches:
Dungeon (6/15)             Temple (0/1) D:6

Altars:
Fedhas
Okawaru
Sif Muna
Yredelemnul
The Shining One

Annotations:
D:6 Menkaure


Innate Abilities, Weirdness & Mutations

You reflexively headbutt those who attack you in melee.
You have a pair of horns on your head.


Message History

The adder is severely wounded.
The adder barely misses you. You block the adder's attack.
You slash the adder!
You kill the adder!
Okawaru accepts your kill.
The orc priest calls upon Beogh to heal something.
Menkaure calls on the powers of darkness!
The orc priest convulses!
Your body is wracked with pain!
* * * LOW HITPOINT WARNING * * *
The ogre convulses!
The orc convulses!
The orc priest calls down the wrath of Beogh upon you.
Pain shoots through your body!
* * * LOW HITPOINT WARNING * * *
You feel very mighty all of a sudden.
You slash the ogre!
You kill the ogre!
Okawaru accepts your kill.
The orc priest invokes the aid of Beogh against you.
Beogh smites you!
You die...

... <.. >.. #..... ....
..# ### #.##...⌠.>.⌠..
..# ........... ..###
......o⌠. #...## #.
#...#.# ...... ..##
#...†.# .....##
##...###o.M# .......
........o#o##
........##......@#).#
....... ............#
.....# ###..........####
.....##..................
.....#..##...............
.......#
#.....#.........#
.......#
####.############
.....#.# #..# .....#.#
###.##


You could see an orc priest and an orc.

Vanquished Creatures
  An orc warrior (D:4)
  An ogre (D:6)
  2 centaurs (D:6)
  A crimson imp (D:5)
  A centaur zombie (D:6)
  An orc priest (D:4)
  An orc wizard (D:4)
  A bullfrog skeleton (D:5)
  A centaur skeleton (D:6)
  3 iguanas
  3 worker ants
  4 gnolls (D:6)
  6 adders
  2 adder skeletons
  A dart slug (D:1)
  4 leopard geckos
  10 orcs
  2 ball pythons
  7 giant cockroaches
  6 goblins
  6 hobgoblins
  9 jackals
  8 kobolds
  2 quokkas
  2 bats
  3 frilled lizards
  A leopard gecko skeleton (D:6)
  9 rats
98 creatures vanquished.

Notes
Turn   | Place    | Note
-------+----------+-------------------------------------------
     0 | D:1      | George the Minotaur Fighter began the quest for the Orb.
     0 | D:1      | Reached XP level 1. HP: 19/19 MP: 0/0
   142 | D:1      | Reached skill level 3 in Long Blades
   303 | D:1      | Reached XP level 2. HP: 26/26 MP: 1/1
   535 | D:1      | Reached skill level 4 in Long Blades
   743 | D:2      | Reached XP level 3. HP: 31/31 MP: 2/2
   815 | D:2      | Reached skill level 5 in Long Blades
   815 | D:2      | Reached XP level 4. HP: 14/39 MP: 3/3
  1262 | D:3      | Reached skill level 6 in Long Blades
  1333 | D:3      | Reached XP level 5. HP: 39/45 MP: 4/4
  1363 | D:3      | Found an iron altar of Okawaru.
  1381 | D:3      | Became a worshipper of Warmaster Okawaru
  1416 | D:3      | Found a deep blue altar of Sif Muna.
  2266 | D:4      | Got a fine plate armour
  2277 | D:4      | Identified the +10 plate armour "Suoroweu" {Str+3 Stlth+} (You found it on level 4 of the Dungeon)
  2349 | D:4      | Noticed an orc warrior
  2358 | D:4      | Reached skill level 1 in Dodging
  2368 | D:4      | Killed an orc warrior
  2368 | D:4      | Reached * piety under Okawaru
  2368 | D:4      | Reached skill level 1 in Invocations
  2368 | D:4      | Reached XP level 6. HP: 27/52 MP: 5/5
  2412 | D:4      | Found a blossoming altar of Fedhas.
  2421 | D:4      | Reached skill level 7 in Long Blades
  2751 | D:5      | Entered Level 5 of the Dungeon
  2753 | D:5      | Found a basalt altar of Yredelemnul.
  3209 | D:5      | Found a glowing golden altar of the Shining One.
  3450 | D:6      | Reached XP level 7. HP: 42/60 MP: 7/7
  3558 | D:6      | Reached ** piety under Okawaru
  3626 | D:6      | Found a staircase to the Ecumenical Temple.
  3626 | D:6      | Noticed Menkaure
  3637 | D:6      | Killed from afar by an orc priest

Vault maps used:
D:1:      lightli_arrival_boilingwater, grunt_decor_clamped,
          kennysheep_pointless_box
D:2:      first_ration
D:3:      lemuel_blue_sif_altar, okawaru_metal_pillars_1_2
D:4:      lemuel_round_altar, kennysheep_nondescript
D:5:      tso_altar, yredelemnul_altar_generic
D:6:      gammafunk_temple_overflow_statue, temple_fountains,
          uniq_blork_the_orc, uniq_menkaure

Skill      XL: |  1  2  3  4  5  6  7 |
---------------+----------------------+-----
Long Blades    | 3 4 5 6 7 |  7.8
Dodging        | 1 2 |  2.5
Fighting       | 4 |  4.7
Armour         | 4 |  4.7
Shields        | 4 |  4.6
Invocations    | 1 2 |  2.3

Action                   |  1- 3 |  4- 6 |  7- 9 || total
-------------------------+-------+-------+-------++-------
Melee: Long sword        |    61 |   147 |    42 ||   250
       Headbutt          |    14 |    34 |    17 ||    65
  Use: Potion            |       |       |     1 ||     1
  Eat: Chunk             |       |     6 |       ||     6
       Ration            |       |     1 |       ||     1
Armor: Scale mail        |    29 |    43 |       ||    72
       Plate armour      |       |    28 |    24 ||    52
Dodge: Dodged            |    25 |    53 |     8 ||    86
Block: Shield            |    31 |    88 |    26 ||   145
       Rpst.: Long sword |    11 |    19 |     1 ||    31

Table legend:
 A = Spawn XP
 B = Non-spawn XP
 C = Spawn XP percentage of total XP
 D = Spawn monster count
 E = Non-spawn monster count
 F = Spawn count percentage of total count
 G = Total turns spent on level
                    A         B        C        D         E        F      G
               +---------+---------+-------+---------+---------+-------+---------
         Total |       0 |    1140 |   0.0 |       0 |      98 |   0.0 |  3637
               +---------+---------+-------+---------+---------+-------+---------
           D:1 |       0 |      31 |   0.0 |       0 |      18 |   0.0 |   683
           D:2 |       0 |      95 |   0.0 |       0 |      21 |   0.0 |   517
           D:3 |       0 |     104 |   0.0 |       0 |      25 |   0.0 |   793
           D:4 |       0 |     308 |   0.0 |       0 |      17 |   0.0 |   758
           D:5 |       0 |     124 |   0.0 |       0 |       3 |   0.0 |   686
           D:6 |       0 |     478 |   0.0 |       0 |      14 |   0.0 |   200
               +---------+---------+-------+---------+---------+-------+---------
